 Dungeon Crawl Stone Soup version 0.27-a0-277-g024f7ef292 (webtiles) character file.

Game seed: 10045711665580298610

79 KristoblXynda the Skirmisher (level 4, -22/40 HPs)
             Began as a Draconian Fighter on Feb 5, 2021.
             Killed by an exploding a goblin (28 damage)
             ... exploding inner flame
             ... on level 2 of the Dungeon.
             The game lasted 00:01:59 (1885 turns).

KristoblXynda the Skirmisher (Draconian Fighter)    Turns: 1885, Time: 00:01:59

Health: -22/40     AC:  5    Str: 18    XL:     4   Next: 17%
Magic:  4/4        EV: 10    Int: 10    God:
Gold:   58         SH:  9    Dex: 10    Spells: 3/3 levels left

rFire    . . .     SeeInvis .   a - +0 long sword
rCold    . . .     Faith    .   b - +0 kite shield
rNeg     . . .     Spirit   .   (armour unavailable)
rPois    .         Reflect  .   (helmet restricted)
rElec    .         Harm     .   j - scarf {repulsion}
rCorr    .         Rampage  .   (no gloves)
Will     .....                  (no boots)
Stlth    +.........             (no amulet)
HPRegen  0.13/turn              (no ring)
MPRegen  0.09/turn              (no ring)

@: repel missiles
A: unfitting armour, cold-blooded, AC +5
a: no special abilities


You were on level 2 of the Dungeon.
You visited 1 branch of the dungeon, and saw 2 of its levels.

You collected 58 gold pieces.

Inventory:

Hand Weapons
 a - a +0 long sword (weapon)
Armour
 b - a +0 kite shield (worn)
 j - a scarf of repulsion (worn)
Jewellery
 d - an uncursed ring of wizardry
 f - an uncursed amulet of faith {unknown}
 l - a cursed amulet of inaccuracy {unknown}
Scrolls
 h - 2 scrolls of remove curse
Potions
 c - a potion of might
 g - a potion of flight {unknown}


   Skills:
 + Level 4.0 Fighting
 + Level 2.7 Long Blades
 + Level 3.2 Dodging
 + Level 3.6 Shields


You had 3 spell levels left.
You didn't know any spells.
Your spell library was empty.

Dungeon Overview and Level Annotations

Branches:
Dungeon (2/15)

Altars:
Fedhas
Xom

Annotations:
D:2 Robin


Innate Abilities, Weirdness & Mutations

Your plain brown scales are hard. (AC +5)
You cannot fit into any form of body armour.
You are cold-blooded and may be slowed by cold attacks.


Message History

Robin throws the goblin at you! The goblin closely misses you.
Unknown command.
The goblin hits you but does no damage.
Found a lumpy inky potion.
Okay, then.
You barely miss the goblin.
Your tail-slap misses the goblin.
The goblin barely misses you.
You riposte.
You hit the goblin.
Flame seeps out of the goblin.
Your tail-slap misses the goblin.
The goblin is severely wounded.
The goblin completely misses you.
You riposte.
You closely miss the goblin.
The goblin is engulfed in blazing flames.
The goblin explodes!
The fiery explosion engulfs you!!
Ouch! That really hurt!
* * * LOW HITPOINT WARNING * * *
The fiery explosion engulfs the goblin!!
The goblin explodes!
The fiery explosion engulfs you!!
Ouch! That really hurt!
You die...

#....# #.##.######
####......##
#.......# ###
#.###..#. #.!
##.###....
#.#######...##...#
#○##rg...._......#
#@§ggg.##.))####.#
####gg.###.## .#
#...# #†# .#
........r# .#
###.......#
#.####..# ..# #.##
#.# #.# #g# #.. g.
..#


You could see Robin, 2 hobgoblins, 3 goblins and a rat (inner flame).

Vanquished Creatures
  2 adders (D:2)
  A worm (D:2)
  2 dart slugs (D:1)
  A leopard gecko (D:1)
  3 bats
  3 giant cockroaches
  10 goblins
  8 hobgoblins
  3 jackals (D:1)
  11 kobolds
  A ball python (D:1)
  2 frilled lizards (D:2)
  4 rats
51 creatures vanquished.

Notes
Turn   | Place    | Note
-------+----------+-------------------------------------------
     0 | D:1      | KristoblXynda the Draconian Fighter began the quest for the
                  | Orb.
     0 | D:1      | Reached XP level 1. HP: 19/19 MP: 1/1
   339 | D:1      | Reached XP level 2. HP: 26/26 MP: 2/2
   754 | D:1      | Reached XP level 3. HP: 12/33 MP: 3/3
  1522 | D:2      | Reached XP level 4. HP: 18/40 MP: 4/4
  1780 | D:2      | Found a shimmering altar of Xom.
  1847 | D:2      | Found a blossoming altar of Fedhas.
  1861 | D:2      | Noticed Robin
  1882 | D:2      | Reached skill level 4 in Fighting
  1885 | D:2      | Killed by an exploding a goblin... exploding inner flame

Illustrated notes

Levels and vault maps discovered:
D:1:      kennysheep_arrival_forest, layout_loops_cross
D:2:      layout_loops_ring, nicolae_overflow_crystal_walls, lemuel_round_altar,
          lemuel_round_altar, uniq_robin, uniq_natasha

Skill      XL: |  1  2  3  4 |
---------------+-------------+-----
Dodging        | 3 |  3.2
Fighting       | 4 |  4.0
Long Blades    | |  2.7
Shields        | |  3.6

Action                   |  1- 3 |  4- 6 || total
-------------------------+-------+-------++-------
Melee: Long sword        |   116 |    26 ||   142
       Tailslap          |    12 |     2 ||    14
  Use: Scroll            |       |     3 ||     3
       Potion            |       |     1 ||     1
Armor: Skin              |    30 |    15 ||    45
Dodge: Dodged            |    62 |    27 ||    89
Block: Kite shield       |    86 |    23 ||   109
       Rpst.: Long sword |    20 |    11 ||    31

Table legend: (Time is in decaauts)
 A = Elapsed time spent in this place.
 B = Non-inter-level travel time spent in this place.
 C = Inter-level travel time spent in this place.
 D = Time resting spent in this place.
 E = Time spent auto-exploring this place.
 F = Levels seen in this place.
 G = Mean time per level.
                   A        B        C        D        E       F      G
               +--------+--------+--------+--------+--------+-----+--------+
         Total |   1957 |   1889 |     68 |    352 |   1145 |   2 |  978.5 |
       Dungeon |   1957 |   1889 |     68 |    352 |   1145 |   2 |  978.5 |
               +--------+--------+--------+--------+--------+-----+--------+

Top non-repeatable levels by time:
     D:1: 1446 daAuts
     D:2: 510 daAuts
